 Dungeon Crawl Stone Soup version 0.19-a0-599-g723c685 (webtiles) character file.

799 Ijustatesigmund the Vandal (level 8, -2/54 HPs)
             Began as a Halfling Hunter on June 11, 2016.
             Was a Follower of Dithmenos.
             Splashed by a gnoll's acid (14 damage)
             ... on level 5 of the Dungeon.
             The game lasted 00:16:28 (3358 turns).

Ijustatesigmund the Vandal (Halfling Hunter)        Turns: 3358, Time: 00:16:29

Health: -2/54      AC: 11    Str: 12    XL:     8   Next: 13%
Magic:  8/8        EV:  8    Int: 10    God:    Dithmenos [*.....]
Gold:   278        SH:  7    Dex: 23    Spells: 0 memorised, 7 levels left

rFire  . . .     SeeInvis .     m - +4 short sword (venom)
rCold  + . .     Gourm    .     u - +0 chain mail (curse)
rNeg   . . .     Faith    .     k - +0 buckler
rPois  .         Spirit   .     p - +1 helmet
rElec  .         Dismiss  .     (no cloak)
rCorr  .         Reflect  .     (no gloves)
SustAt .         Harm     .     (no boots)
MR     .....                    l - amulet of rage
Stlth  ..........               v - +6 ring of dexterity
                                b - ring of protection from cold

@: wreathed by umbra, not resistant to hostile enchantments, extremely
unstealthy
A: mutation resistance 1
a: Renounce Religion, Evoke Berserk Rage


You were on level 5 of the Dungeon.
You worshipped Dithmenos.
Dithmenos was aware of your devotion.
You were not hungry.

You visited 2 branches of the dungeon, and saw 6 of its levels.

You collected 278 gold pieces.

Inventory:

Hand Weapons
 a - a +1 hunting sling
 m - a +4 short sword of venom (weapon)
Missiles
 c - 157 stones (quivered)
 d - 76 sling bullets
 r - 9 tomahawks
Armour
 g - a +0 ring mail
 k - a +0 buckler (worn)
 p - a +1 helmet (worn)
 u - a cursed +0 chain mail (worn)
Jewellery
 b - a ring of protection from cold (left hand)
 j - an uncursed amulet of faith
 l - an amulet of rage (around neck)
 v - a +6 ring of dexterity (right hand)
Scrolls
 e - 2 scrolls of identify
 h - 3 scrolls of remove curse
Potions
 o - a potion of invisibility {unknown}
 q - a potion of mutation
 s - a potion of ambrosia
Comestibles
 f - 6 bread rations
 i - a meat ration
 n - 3 slices of pizza
 t - 4 chunks of flesh


   Skills:
 - Level 4.4 Fighting
 + Level 5.7 Short Blades
 - Level 6.0 Slings
 - Level 3.6 Armour
 - Level 2.1 Dodging
 + Level 2.1 Stealth
 - Level 3.4 Shields
 + Level 1.2 Invocations


You had 7 spell levels left.
You didn't know any spells.

Dungeon Overview and Level Annotations

Branches:
Dungeon (4/15)             Temple (1/1) D:4

Altars:
Ashenzari
Dithmenos
Elyvilon
Fedhas
Hepliaklqana
Makhleb
Nemelex Xobeh
Okawaru
Pakellas
Sif Muna
Uskayaw
Vehumet
Xom
Yredelemnul
Zin
The Shining One


Innate Abilities, Weirdness & Mutations

You are small and have problems with some larger weapons.
You are somewhat resistant to further mutation.


Message History

The orc is lightly wounded.
The orc hits you but does no damage.
You see here a quokka corpse.
You kill the orc!
Dithmenos accepts your kill.
Things that are here:
a dagger; an orc corpse
Things that are here:
a falchion; a halberd; a gnoll corpse You see here a giant cockroach corpse.
You are no longer corroded.
You block the quokka zombie's attack.
You hit the quokka zombie. The quokka zombie barely misses you.
You hit the quokka zombie.
You destroy the quokka zombie!
Dithmenos accepts your kill.
The gnoll zaps a wand.
The bolt of acid hits you!
* * * LOW HITPOINT WARNING * * *
The acid burns!
You die...

#.#..(#.###.######.........
#)..#...#..............##
##.8..#.##.###...[......#
##..8#.####.# #.##.......#
#.....## #.###.##.......#
#.####)#######..#..##.......#
#.....))........#.###.^.....#
##...########.....# #.......#
#..#######..@...## ##......#
#......gg..##..)# ##.....#
#####.#######..†# ####### .
#####..# #...# .###...g.##
##...# ...#.##### ###....#
#....# #....### .....# #.##.#
.....#########.##.#


You could see 2 gnolls.

Vanquished Creatures
  An orc warrior (D:5)
  An ogre (D:5)
  A scorpion (D:3)
  A howler monkey (D:4)
  2 giant frog skeletons
  4 orc priests
  An iguana (D:4)
  5 orc wizards
  A hound skeleton (D:4)
  A gnoll (D:5)
  6 adders
  2 worms
  4 dart slugs
  4 giant geckos
  23 orcs
  A ball python (D:1)
  6 bats
  6 giant cockroaches
  6 goblins
  6 hobgoblins
  A jackal (D:3)
  3 quokkas
  A giant gecko zombie (D:5)
  A giant newt (D:1)
  8 kobolds
  A quokka zombie (D:5)
  5 rats
102 creatures vanquished.

Notes
Turn   | Place    | Note
--------------------------------------------------------------
     0 | D:1      | Ijustatesigmund the Halfling Hunter began the quest for the Orb.
     0 | D:1      | Reached XP level 1. HP: 14/14 MP: 1/1
    65 | D:1      | Reached skill level 1 in Short Blades
    92 | D:1      | Reached skill level 6 in Slings
    92 | D:1      | Reached XP level 2. HP: 18/19 MP: 2/2
   209 | D:1      | Reached skill level 1 in Armour
   329 | D:1      | Reached XP level 3. HP: 24/24 MP: 3/3
   956 | D:2      | Found a burning altar of Makhleb.
   994 | D:2      | Found a hide-covered altar of Uskayaw.
  1391 | D:3      | Reached XP level 4. HP: 29/29 MP: 4/4
  1500 | D:3      | Reached XP level 5. HP: 33/34 MP: 5/5
  2166 | D:3      | Reached XP level 6. HP: 39/39 MP: 6/6
  2195 | D:3      | Found a shimmering altar of Xom.
  2195 | D:3      | Found a shattered altar of Ashenzari.
  2312 | D:3      | Reached skill level 1 in Shields
  2636 | D:4      | Found a staircase to the Ecumenical Temple.
  2646 | Temple   | Entered the Ecumenical Temple
  2746 | Temple   | Became a worshipper of Dithmenos the Shadowed
  2912 | D:4      | Reached XP level 7. HP: 41/46 MP: 7/7
  3119 | D:4      | You fall through a shaft!
  3119 | D:5      | Entered Level 5 of the Dungeon
  3128 | D:5      | Reached skill level 5 in Short Blades
  3143 | D:5      | Reached * piety under Dithmenos
  3227 | D:5      | Reached XP level 8. HP: 54/54 MP: 8/8
  3265 | D:5      | Reached skill level 1 in Invocations
  3358 | D:5      | Splashed by a gnoll's acid

Vault maps used:
D:1:      denvon_arrival_waterhouse
D:2:      overflow_temple_1_default, nicolae_overflow_crystal_walls
D:3:      gammafunk_temple_overflow_elements, first_bread, minmay_vboxes
D:4:      kennysheep_little_box, minmay_temple_entry_glass, serial_glass,
          glass_columns_a, glass_columns_a, minmay_strange_pillars,
          minmay_strange_pillars, minmay_strange_pillars, minmay_strange_pillars
D:5:      lemuel_crystal_altar, lemuel_zombie_altar_kikubaaqudgha, basic_altar,
          minmay_gold_behind_fungi, guppyfry_early_orc_mine
Temple:   triangle_lava_temple_12

Skill      XL: |  1  2  3  4  5  6  7  8 |
---------------+-------------------------+-----
Short Blades   | 1 2 4 5 |  5.7
Slings         | 6 |  6.0
Armour         | 1 2 3 |  3.6
Fighting       | 2 3 4 |  4.4
Shields        | 2 3 |  3.4
Stealth        | 2 |  2.1
Invocations    | 1 |  1.2
Dodging        | |  2.1

Action                   |  1- 3 |  4- 6 |  7- 9 || total
-------------------------+-------+-------+-------++-------
Melee: Short sword       |    28 |   103 |    88 ||   219
 Fire: Hunting sling     |    77 |    51 |       ||   128
  Use: Scroll            |     4 |     6 |     1 ||    11
       Potion            |       |       |     1 ||     1
  Eat: Chunk             |     1 |     2 |     2 ||     5
       Pizza             |       |     1 |       ||     1
       Beef jerky        |       |     1 |       ||     1
Armor: Ring mail         |     9 |    12 |       ||    21
       Chain mail        |       |    31 |    29 ||    60
Dodge: Dodged            |    25 |    43 |    23 ||    91
Block: Buckler           |       |    24 |    19 ||    43
